 Dungeon Crawl Stone Soup version 0.14.0-12-g87ee3b7 (webtiles) character file.

98509 MDvedh the Brawler (level 15, 0/163 HPs)
             Began as a Troll Berserker on Apr 16, 2014.
             Was a High Priest of Trog.
             Slain by a raven (8 damage)
             ... on Level 2 of the Swamp.
             The game lasted 01:21:19 (29081 turns).

MDvedh the Brawler (Troll Berserker)               Turns: 29081, Time: 01:21:19

HP   0/163       AC 10     Str 29      XL: 15   Next: 74%
MP   6/6         EV 18     Int  3      God: Trog [*****.]
Gold 395         SH  0     Dex 16      Spells:  0 memorised, 14 levels left

rFire  + . .     SeeInvis .       - Unarmed
rCold  + . .     Clarity  .     j - swamp dragon hide
rNeg   + . .     Conserve .     (shield restricted)
rPois  +         rCorr    .     G - +0 hat {MR+}
rElec  .         rRot     .     (no cloak)
SustAb . .       Spirit   .     (gloves unavailable)
rMut   .         Warding  +     (boots unavailable)
Gourm  +         Stasis   .     N - brooch of Shielding {Ward AC+4 EV+4}
MR     +++..                    Z - ring of protection from fire
                                U - ring of protection from cold

@: regenerating, exhausted, slowed, very slow, extremely resistant to hostile
enchantments, very unstealthy
A: unfitting armour, claws 3, agile 1, fast metabolism 3, gourmand, regeneration
2, saprovore 2, shaggy fur 1, tough skin 2
a: Burn Spellbooks, Berserk, Trog's Hand, Brothers in Arms, Renounce Religion


You were on level 2 of the Swamp.
You worshipped Trog.
Trog was extremely pleased with you.
You were full.

You visited 4 branches of the dungeon, and saw 29 of its levels.
You also visited: Labyrinth and Ossuary.

You collected 2921 gold pieces.
You spent 2526 gold pieces at shops.

Inventory:

Armour
 b - a +1 shield of protection
 j - a swamp dragon hide (worn)
 y - the +3 robe of Clouds {+Fly rElec}
   (You found it on level 6 of the Dungeon)

   It insulates you from electricity.
   It lets you fly.
 G - a +0 hat of magic resistance (worn)
Magical devices
 e - a wand of cold (11)
 m - a wand of teleportation (3)
 x - a wand of disintegration (16)
 B - a wand of digging (21)
Comestibles
 a - 14 meat rations
 k - a snozzcumber
 u - 13 sausages
Scrolls
 c - a scroll of silence
 d - 4 scrolls of identify
 h - 5 scrolls of remove curse
 o - 2 scrolls of recharging
 p - 2 scrolls of magic mapping
 w - 3 scrolls of fog
 C - 2 scrolls of blinking
 K - 2 scrolls of immolation
Jewellery
 f - an uncursed amulet of clarity
 n - an uncursed amulet of resist corrosion
 v - a +4 ring of protection
 D - an uncursed ring of protection from fire
 I - an uncursed amulet of conservation
 N - the brooch of Shielding (around neck) {Ward AC+4 EV+4}
   (You bought it in a shop on level 4 of the Orcish Mines)

   [amulet of warding]

   It affects your AC (+4).
   It affects your evasion (+4).
 P - a +2 ring of dexterity
 Q - an uncursed ring of see invisible
 R - an uncursed ring of positive energy
 U - a ring of protection from cold (left claw)
 Z - a ring of protection from fire (right claw)
Potions
 g - 10 potions of agility
 l - 5 potions of might
 q - 2 potions of haste
 r - 20 potions of curing
 s - 6 potions of restore abilities
 z - a potion of invisibility
 A - 4 potions of brilliance
 H - 2 potions of flight
 J - 2 potions of resistance
Rods
 i - a -1 rod of shadows (14/14)
   (You found it on level 8 of the Lair of Beasts)


   Skills:
 + Level 14.3 Fighting
 - Level 8.5 Dodging
 + Level 19.2 Unarmed Combat


You had 14 spell levels left.
You didn't know any spells.

Dungeon Overview and Level Annotations

Branches:
Dungeon (15/15) Temple (0/1) D:7 Orc (4/4) D:11 Elf (0/3) Orc:3 Lair (8/8) D:9 Swamp (2/5) Lair:4 Spider (0/5) Lair:4 Slime (0/6) Lair:8 Vaults (0/5) D:12 D:13 Depths (0/5) D:15

Altars:
Cheibriados
Elyvilon
Kikubaaqudgha
Trog
Vehumet
Xom
The Shining One
Beogh

Shops:
D:8 !   Orc:4 =:}!

Portals:
Trove: D:12 (give 16 scrolls of teleportation)

Annotations:
D:6 exclusion: oklob plant, Natasha


Innate Abilities, Weirdness & Mutations

You are too large for most types of armour.
You have claws for hands.
Your metabolism is lightning-fast.
You like to eat raw meat.
You heal very quickly.
You can eat rotten meat.
You are covered in fur (AC +1).
You have very tough skin (AC +2).
You are agile. (Dex +2)


Message History

* * * LOW HITPOINT WARNING * * *
Your iron troll bites the raven!
The raven dies!
Trog accepts your collateral kill.
Drink which item? (? for menu, Esc to quit)
You feel much better. The raven pecks you but does no damage.
The raven claws you.
* * * LOW HITPOINT WARNING * * *
The spriggan rider hits you from afar with a spear!
* * * LOW HITPOINT WARNING * * *
The raven barely misses you. The raven claws you but does no damage.
The spriggan rider misses you. The raven barely misses you.
The raven closely misses you.
You closely miss the raven. The raven pecks you.
* * * LOW HITPOINT WARNING * * *
The raven closely misses you.
The spriggan rider hits you from afar with a spear!
* * * LOW HITPOINT WARNING * * *
The raven pecks you!
You die...

..♣♣♣♣♣♣ ♣≈≈.≈.♣♣
♣♣♣.≈≈≈≈♣ ♣≈≈≈.≈≈≈♣
..♣♣....<.♣
≈≈.♣≈≈≈≈.♣♣♣
f.≈..≈≈≈...≈♣♣
≈.≈≈≈.≈≈≈T...♣
♣♣.≈≈≈.≈>@≈≈≈≈♣♣♣♣♣≈
≈≈≈..≈≈≈≈≈.b≈≈≈≈♣≈≈≈♣
..≈≈≈...≈i≈..≈≈≈≈≈≈≈≈.≈
..≈≈≈≈...).....≈≈..≈≈.≈
P..≈≈.♣.≈)..♣♣≈≈≈♣♣♣≈.♣
i.i..≈.≈.≈≈≈)...♣♣♣
♣§≈.....♣≈..≈♣
♣♣≈♣≈≈♣.≈♣..≈♣ ..
♣♣♣♣≈.♣..♣♣


You could see a spriggan rider, a raven and a friendly iron troll (berserk).

Vanquished Creatures
  Gastronok (Orc:1)
  A minotaur (Lab)
  The ghost of Saihtam the Cleaver, a powerful FoFi of Makhleb (D:13)
  2 hydras
  Harold (Lair:2)
  2 alligators (Swamp:1)
  The ghost of MDvedh the Basher, an experienced HOMo of Beogh (D:8)
  3 tengu warriors
  3 centaur warriors
  3 catoblepae
  2 spriggans (Swamp:2)
  Erolcha (Orc:3)
  3 skeletal warriors
  The ghost of BoredOne the Grappler, a powerful NaMo of Cheibriados (Lair:3)
  An unseen horror (D:11)
  A wizard (D:14)
  A swamp dragon (Swamp:1)
  5 hill giants
  A necromancer (D:15)
  Pikel (D:9)
  3 orc knights
  A wolf spider (Lair:8)
  2 manticores
  A wolf spider zombie (D:15)
  A griffon (D:13)
  8 cyclopes
  3 black mambas
  9 elephants
  A fire giant skeleton (D:15)
  A feature mimic (D:15)
  2 gargoyles
  Psyche (D:7)
  A death yak zombie (D:15)
  4 spiny frogs
  2 vapours (Swamp:1)
  An efreet (D:15)
  4 komodo dragons
  3 fire drakes
  2 guardian mummies (Ossuary)
  2 tengu conjurers
  A giant leech (Swamp:1)
  3 boggarts (D:14)
  A giant firefly (Swamp:2)
  5 polar bears (Lair:8)
  7 slime creatures
  3 blink frogs (Lair:5)
  8 trolls
  6 ravens
  A boulder beetle (Lair:8)
  2 two-headed ogres
  2 wandering mushrooms
  A shadow (D:15)
  4 brown oozes (Lair:8)
  A vampire (D:15)
  A water elemental (D:12)
  9 grizzly bears (Lair:8)
  4 redbacks (Lair:7)
  6 basilisks
  2 fire bats (Lair:8)
  An elephant slug (Lair:5)
  3 ugly thing zombies (D:15)
  4 wyverns
  A hog (shapeshifter) (D:13)
  23 humans
  23 ugly things
  28 yaks
  A hill giant zombie (D:9)
  A shark (D:12)
  7 hippogriffs
  9 vampire mosquitoes
  14 wolves
  A hill giant skeleton (D:13)
  3 deep elf magi (D:10)
  3 wraiths
  4 wargs (Lair:8)
  A hungry ghost (D:10)
  6 swamp worms
  Menkaure (D:7)
  3 giant goldfish
  A necrophage (D:12)
  A tengu skeleton (D:11)
  Purgy (D:4)
  13 water moccasins
  29 orc warriors
  2 swamp drakes (Swamp:1)
  3 sky beasts
  4 slaves (D:9)
  13 centaurs
  3 yellow wasps
  3 hell hounds (Lair:8)
  A boring beetle (Lair:5)
  An ice beast (D:12)
  8 black bears
  7 ogres
  2 phantoms
  10 porcupines
  12 crocodiles
  Duvessa (D:6)
  A big kobold (D:12)
  6 giant slugs
  A brain worm (D:13)
  14 giant frogs
  Blork the orc (D:9)
  A cyclops zombie (D:13)
  A cyclops skeleton (D:14)
  3 scorpions
  3 insubstantial wisps (Swamp:1)
  A hippogriff skeleton (D:9)
  2 eyes of draining
  A yak skeleton (D:8)
  9 killer bees
  19 wights
  A troll zombie (D:15)
  2 vampire bats (Lair:3)
  A centaur zombie (Ossuary)
  2 spriggan skeletons (D:10)
  4 crimson imps
  A gnoll shaman (D:6)
  2 goliath beetles
  Dowan (D:6)
  5 big fish
  2 jellies
  9 electric eels
  12 iguanas
  A lava snake (Lair:8)
  30 orc wizards
  2 centaur skeletons
  31 orc priests
  27 hounds
  A black bear skeleton (D:5)
  15 worker ants
  Natasha (D:6)
  2 quasits
  12 sheep
  Jessica (D:7)
  A hound zombie (D:11)
  A worker ant zombie (D:11)
  3 mummies
  27 adders
  3 gnolls (D:6)
  41 green rats
  4 shadow imps
  2 giant mites
  An inept item mimic (D:5)
  8 worms
  An iguana zombie (D:10)
  2 adder zombies (Ossuary)
  A giant eyeball (D:12)
  12 giant geckos
  An ooze (D:1)
  148 orcs
  5 giant cockroaches
  14 goblins
  23 hobgoblins
  5 quokkas
  A ball python (D:7)
  A ball python skeleton (Ossuary)
  33 bats
  5 giant newts
  A giant newt skeleton (D:5)
  2 goblin zombies
  2 hobgoblin skeletons
  A hobgoblin zombie (D:7)
  49 jackals
  23 kobolds
  A kobold skeleton (D:5)
  A kobold zombie (Ossuary)
  3 orc skeletons
  5 orc zombies
  A quokka skeleton (D:5)
  30 rats
  A rat skeleton (D:4)
  A rat zombie (D:7)
  8 ballistomycetes (D:11)
  A bush (D:3)
  4 fungi (D:9)
  A plant (Lair:8)
1112 creatures vanquished.

Vanquished Creatures (collateral kills)
  A hydra (Swamp:1)
  A shambling mangrove (Swamp:2)
  A flayed ghost (D:15)
  A boggart (D:14)
  A giant firefly (Swamp:2)
  2 blink frogs (Lair:5)
  A raven (Swamp:2)
  A vampire mosquito (D:14)
  3 wolves
  A hell hound (Lair:8)
  A warg (Lair:8)
  5 orc warriors (Orc:4)
  A manticore zombie (D:15)
  3 centaurs (Orc:4)
  A hound (Lair:8)
  5 orcs (Orc:4)
29 creatures vanquished.

Vanquished Creatures (others)
  2 hill giants
  A troll (Orc:4)
  A sky beast (D:9)
  An ogre (Lair:1)
  A giant spore (D:11)
  A fungus (Lair:5)
  3 plants (Lair:8)
10 creatures vanquished.

Grand Total: 1151 creatures vanquished

Notes
Turn   | Place    | Note
--------------------------------------------------------------
     0 | D:1      | MDvedh, the Troll Berserker, began the quest for the Orb.
     0 | D:1      | Reached XP level 1. HP: 22/22 MP: 1/1
   181 | D:1      | Reached XP level 2. HP: 29/29 MP: 1/1
   710 | D:2      | Reached skill level 4 in Unarmed Combat
   888 | D:2      | Reached XP level 3. HP: 34/36 MP: 2/2
   927 | D:2      | Acquired Trog's second power
  1526 | D:3      | Reached skill level 5 in Unarmed Combat
  1526 | D:3      | Reached XP level 4. HP: 28/44 MP: 2/2
  2309 | D:4      | Reached XP level 5. HP: 44/50 MP: 2/2
  2313 | D:4      | Reached skill level 6 in Unarmed Combat
  2472 | D:4      | Acquired Trog's third power
  2478 | D:4      | Reached XP level 6. HP: 59/59 MP: 3/3
  2482 | D:4      | Reached skill level 7 in Unarmed Combat
  2581 | D:4      | Noticed Purgy
  2591 | D:4      | Killed Purgy
  2672 | D:4      | Found a shimmering altar of Xom.
  2786 | D:5      | Entered Level 5 of the Dungeon
  2820 | D:5      | Reached skill level 8 in Unarmed Combat
  2840 | D:5      | Found a glowing golden altar of the Shining One.
  2864 | D:5      | Reached XP level 7. HP: 63/66 MP: 3/3
  3250 | D:5      | Reached skill level 9 in Unarmed Combat
  3424 | D:5      | Found a white marble altar of Elyvilon.
  3540 | D:6      | Reached XP level 8. HP: 49/74 MP: 3/3
  3663 | D:6      | Reached skill level 10 in Unarmed Combat
  3821 | D:6      | Noticed Natasha
  3834 | D:6      | Killed Natasha
  3839 | D:6      | Received a gift from Trog
  3941 | D:6      | Reached skill level 11 in Unarmed Combat
  3955 | D:6      | Noticed an oklob plant
  3956 | D:6      | Found a bloodstained altar of Trog.
  3965 | D:6      | Noticed Natasha
  4297 | D:6      | Noticed Dowan
  4301 | D:6      | Killed Dowan
  4303 | D:6      | Noticed Duvessa
  4308 | D:6      | Killed Duvessa
  4470 | D:7      | Identified a scroll of acquirement
  4483 | D:7      | Noticed Menkaure
  4486 | D:7      | Killed Menkaure
  4503 | D:7      | Reached XP level 9. HP: 73/80 MP: 4/4
  4586 | D:7      | Noticed Jessica
  4588 | D:7      | Noticed Psyche
  4594 | D:7      | Reached skill level 12 in Unarmed Combat
  4611 | D:7      | Killed Psyche
  4611 | D:7      | Reached skill level 13 in Unarmed Combat
  4629 | D:7      | Killed Jessica
  4705 | D:7      | Found a staircase to the Ecumenical Temple.
  4776 | D:7      | Found a sand-covered staircase.
  4781 | Ossuary  | Entered an ossuary
  4927 | Ossuary  | Reached skill level 14 in Unarmed Combat
  5013 | Ossuary  | Reached XP level 10. HP: 81/88 MP: 4/4
  5389 | D:7      | Found a snail-covered altar of Cheibriados.
  5893 | D:8      | Noticed MDvedh's ghost (experienced HOMo)
  5901 | D:8      | Killed MDvedh's ghost
  5901 | D:8      | Reached skill level 5 in Dodging
  6128 | D:8      | Received a gift from Trog
  6136 | D:8      | Got an ichor-stained giant spiked club {god gift}
  6137 | D:8      | Identified the +5,+5 giant spiked club of the Onslaught {elec, *Rage} (Trog gifted it to you on level 8 of the Dungeon)
  6366 | D:8      | Found Esemp's Distillery.
  6684 | D:9      | Noticed Blork the orc
  6693 | D:9      | Killed Blork the orc
  6719 | D:9      | Found a staircase to the Lair.
  7123 | D:9      | Noticed Pikel
  7131 | D:9      | Killed Pikel
  7186 | D:9      | Found an ancient bone altar of Kikubaaqudgha.
  7520 | Lair:1   | Entered Level 1 of the Lair of Beasts
  7549 | Lair:1   | Reached XP level 11. HP: 75/94 MP: 4/4
  8362 | Lair:1   | Noticed an elephant
  8363 | Lair:1   | Noticed an elephant
  8364 | Lair:1   | Noticed an elephant
  8370 | Lair:1   | Killed an elephant
  8373 | Lair:1   | Killed an elephant
  8375 | Lair:1   | Killed an elephant
  8393 | Lair:1   | Received a gift from Trog
  9749 | Lair:2   | Noticed Harold
  9759 | Lair:2   | Killed Harold
  9760 | Lair:2   | Reached skill level 5 in Fighting
 10295 | Lair:3   | Found a labyrinth entrance.
 10323 | Lab      | Entered a labyrinth
 10618 | Lab      | Noticed a minotaur
 10639 | Lab      | Killed a minotaur
 10639 | Lab      | Reached skill level 15 in Unarmed Combat
 10703 | Lair:3   | Identified a +4 rod of striking (9/9) (You found it in a labyrinth)
 10778 | Lair:3   | Received a gift from Trog
 10793 | Lair:3   | Found a frozen archway.
 10815 | Lair:3   | Reached XP level 12. HP: 113/122 MP: 5/5
 11012 | Lair:3   | Noticed BoredOne's ghost (powerful NaMo)
 11023 | Lair:3   | Killed BoredOne's ghost
 11271 | Lair:3   | Reached XP level 13. HP: 95/131 MP: 5/5
 11462 | Lair:4   | Found a staircase to the Swamp.
 11641 | Lair:4   | Found a hole to the Spider Nest.
 12506 | Lair:5   | Reached skill level 10 in Fighting
 13893 | Lair:6   | Reached skill level 16 in Unarmed Combat
 14200 | Lair:6   | Received a gift from Trog
 15357 | Lair:8   | Entered Level 8 of the Lair of Beasts
 15601 | Lair:8   | Got an encrusted shield
 15608 | Lair:8   | Identified the +1 shield "Vef Doev" {SInv} (You acquired it on level 8 of the Lair of Beasts)
 16031 | Lair:8   | Reached XP level 14. HP: 72/146 MP: 5/5
 16142 | Lair:8   | Received a gift from Trog
 16218 | Lair:8   | Reached skill level 17 in Unarmed Combat
 16436 | Lair:8   | Found a staircase to the Slime Pits.
 16892 | Lair:8   | Identified a -1 rod of shadows (14/14) (You found it on level 8 of the Lair of Beasts)
 17375 | D:10     | Entered Level 10 of the Dungeon
 17755 | D:10     | Received a gift from Trog
 18254 | D:11     | Found a staircase to the Orcish Mines.
 18975 | Orc:1    | Entered Level 1 of the Orcish Mines
 18995 | Orc:1    | Received a gift from Trog
 19048 | Orc:1    | Noticed Gastronok
 19066 | Orc:1    | Killed Gastronok
 19422 | Orc:2    | Received a gift from Trog
 19855 | Orc:3    | Noticed Erolcha
 19871 | Orc:3    | Killed Erolcha
 20144 | Orc:3    | Found a staircase to the Elven Halls.
 20348 | Orc:3    | Received a gift from Trog
 20664 | Orc:4    | Entered Level 4 of the Orcish Mines
 20715 | Orc:4    | Found a roughly hewn altar of Beogh.
 21217 | Orc:4    | Received a gift from Trog
 21486 | Orc:4    | Found Tuguvot's Gadget Shoppe.
 21486 | Orc:4    | Found Qietipao's Book Shop.
 21489 | Orc:4    | Found Lextiag's Jewellery Boutique.
 21491 | Orc:4    | Found Kaoth's Distillery.
 21496 | Orc:4    | Bought a potion of paralysis for 17 gold pieces
 21503 | Orc:4    | Bought the brooch of Shielding {Ward AC+4 EV+4} for 778 gold pieces
 21509 | Orc:4    | Bought a potion of magic for 93 gold pieces
 22089 | D:8      | Bought a potion of beneficial mutation for 490 gold pieces
 22090 | D:8      | Gained mutation: You are agile. (Dex +2) [potion of beneficial mutation]
 22603 | D:12     | Found a portal to a secret trove of treasure.
 23005 | D:12     | Reached skill level 18 in Unarmed Combat
 23397 | D:12     | Paralysed by a giant eyeball for 3 turns
 23542 | D:13     | Found a gate to the Vaults.
 23573 | D:13     | Noticed Saihtam's ghost (powerful FoFi)
 23582 | D:12     | Received a gift from Trog
 24549 | D:12     | Reached XP level 15. HP: 66/161 MP: 6/6
 24983 | D:13     | Killed Saihtam's ghost
 26050 | D:14     | Received a gift from Trog
 26849 | D:15     | Entered Level 15 of the Dungeon
 27060 | D:15     | Reached skill level 19 in Unarmed Combat
 27082 | D:15     | Found a staircase to the Depths.
 27310 | D:15     | Found a radiant altar of Vehumet.
 27318 | D:15     | Received a gift from Trog
 27716 | Swamp:1  | Entered Level 1 of the Swamp
 28045 | Orc:4    | Bought an uncursed ring of see invisible for 210 gold pieces
 28045 | Orc:4    | Bought an uncursed ring of positive energy for 280 gold pieces
 28045 | Orc:4    | Bought an uncursed ring of positive energy for 280 gold pieces
 28045 | Orc:4    | Bought an uncursed amulet of inaccuracy for 28 gold pieces
 28045 | Orc:4    | Bought an uncursed ring of protection from cold for 350 gold pieces
 29079 | Swamp:2  | HP: 8/163 [raven (8)]
 29081 | Swamp:2  | Slain by a raven

Action                   |  1- 3 |  4- 6 |  7- 9 | 10-12 | 13-15 || total
-------------------------+-------+-------+-------+-------+-------++-------
Melee: Unarmed           |   123 |   164 |   265 |   575 |  1672 ||  2799
       Rod               |       |       |       |       |    11 ||    11
Invok: Berserk           |       |     4 |     5 |    14 |    12 ||    35
       Trog's Hand       |       |       |     1 |     2 |     7 ||    10
       Brothers in Arms  |       |       |       |     2 |     9 ||    11
       Burn Spellbooks   |       |       |       |     2 |     4 ||     6
Evoke: Wand              |       |     1 |       |     9 |    14 ||    24
       Rod               |       |       |       |       |     3 ||     3
  Use: Scroll            |       |     9 |     2 |    24 |    10 ||    45
       Potion            |       |       |       |     1 |     9 ||    10
 Stab: Sleeping          |     1 |       |     2 |       |     2 ||     5
       Distracted        |       |       |       |     1 |     2 ||     3
       Paralysed         |       |       |       |       |     1 ||     1
       Fleeing           |       |       |       |       |     1 ||     1
